 Dungeon Crawl Stone Soup version 0.18-a0-1618-gf90497c (webtiles) character file.

3446 Sixotanaka the Impaler (level 10, -13/67 HPs)
             Began as a Merfolk Gladiator on Mar 23, 2016.
             Mangled by an orc warrior
             ... wielding a +0 glaive
              (36 damage)
             ... in a bailey.
             The game lasted 01:30:50 (8265 turns).

Sixotanaka the Impaler (Merfolk Gladiator)          Turns: 8265, Time: 01:30:50

Health: -13/67     AC:  9    Str: 15    XL:     10   Next: 6%
Magic:  10/10      EV: 20    Int:  8    God:
Gold:   434        SH:  0    Dex: 23    Spells: 0 memorised, 9 levels left

rFire  . . .     SeeInvis .     d - +0 glaive
rCold  + . .     Gourm    .     N - +0 leather armour {rC+}
rNeg   . . .     Faith    .     (shield currently unavailable)
rPois  .         Spirit   .     L - +2 helmet
rElec  .         Dismiss  .     (no cloak)
rCorr  .         Reflect  .     k - +2 pair of gloves
SustAt .         Harm     .     (no boots)
MR     .....                    (no amulet)
Stlth  ++++......               (no ring)
                                o - ring of stealth

@: agile, not resistant to hostile enchantments, stealthy
A: change form in water, swift swim
a: no special abilities


You were in a bailey.
You were not hungry.

You visited 2 branches of the dungeon, and saw 8 of its levels.
You also visited: Sewer and Bailey.

You collected 434 gold pieces.


   Skills:
 - Level 2.1 Fighting
 + Level 18.4 Polearms
 - Level 2.0 Throwing
 - Level 4.0 Dodging


You had 9 spell levels left.
You didn't know any spells.

Dungeon Overview and Level Annotations

Branches:
Dungeon (7/15)             Temple (1/1) D:6

Altars:
Ashenzari
Dithmenos
Elyvilon
Kikubaaqudgha
Makhleb
Pakellas
Qazlal
Sif Muna
Vehumet
Xom
Zin

Inventory:

Hand Weapons
 a - a +0 halberd
 b - a +0 blowgun
 d - a +0 glaive (weapon)
Missiles
 p - 10 javelins (quivered)
Armour
 k - a +2 pair of gloves (worn)
 H - a +0 buckler
 L - a +2 helmet (worn)
 N - a +0 leather armour of cold resistance (worn)
   (You found it on level 6 of the Dungeon)
Magical Staves
 c - an uncursed staff of poison {unknown}
Jewellery
 o - a ring of stealth (left hand)
Scrolls
 e - 6 scrolls of immolation {!r}
 g - a scroll of random uselessness {unknown}
 h - 2 scrolls of blinking {unknown}
 n - a scroll of teleportation {unknown}
 q - 2 scrolls of amnesia
 s - 2 scrolls of fear {unknown}
 v - 3 scrolls of magic mapping
 y - 2 scrolls of remove curse {@r2}
 C - 7 scrolls of enchant weapon {unknown}
 P - a scroll of enchant armour {unknown}
Potions
 j - a potion of agility
 l - 3 potions of brilliance {unknown}
 t - 2 potions of ambrosia
 u - a potion of magic {unknown}
 w - a potion of mutation {unknown}
 z - 8 potions of flight
 A - 7 potions of curing {@q1}
 B - 2 potions of experience {unknown}
 D - a potion of might
 E - 3 potions of heal wounds {@q2}
 F - a potion of cure mutation {unknown}
 G - 3 potions of berserk rage {unknown}
 I - a potion of invisibility {unknown}
 K - a potion of haste {unknown}
 M - a potion of lignification {unknown}
Books
 r - a book of Summonings
Comestibles
 f - 3 bread rations
 i - 6 meat rations
 m - a royal jelly
 x - 4 beef jerkies
 J - 2 fruits
 O - 3 chunks of flesh

####### ############
#######.....## ##........∩.##
.....#.(.....######............#
.....'.......#....#.........)..#
.....'.......[...)))..).....))∩#
.....'.......#o.@.#)).......)).#
.....#.......######.)...).).)).#
#######.....## ##....)...∩.##
####### ############


You could see an orc warrior.


Message History

Attack whom?
Aim: an orc knight, wielding a glaive and wearing a chain mail (heavily wounded)
You reach to attack!
You closely miss the orc knight.
The orc knight hits you from afar with a glaive!
* * * LOW HITPOINT WARNING * * *
Attack whom?
Aim: an orc knight, wielding a glaive and wearing a chain mail (heavily wounded)
You reach to attack!
You closely miss the orc knight.
Drink which item? (? for menu, Esc to quit)
You feel much better. The orc knight barely misses you.
Attack whom?
Aim: an orc knight, wielding a glaive and wearing a chain mail (heavily wounded)
You reach to attack!
You barely miss the orc knight.
Attack whom?
Aim: an orc knight, wielding a glaive and wearing a chain mail (heavily wounded)
You reach to attack!
You slash the orc knight! The orc knight misses you.
Attack whom?
Aim: an orc knight, wielding a glaive and wearing a chain mail (heavily wounded)
You reach to attack!
You puncture the orc knight!
Attack whom?
Aim: an orc knight, wielding a glaive and wearing a chain mail (severely wounded)
You reach to attack!
You puncture the orc knight! The orc knight completely misses you.
Attack whom?
Aim: an orc knight, wielding a glaive and wearing a chain mail (almost dead)
You reach to attack!
You hit the orc knight but do no damage.
The orc knight closely misses you.
Attack whom?
Aim: an orc knight, wielding a glaive and wearing a chain mail (almost dead)
You reach to attack!
You closely miss the orc knight.
Attack whom?
Aim: an orc knight, wielding a glaive and wearing a chain mail (almost dead)
You reach to attack!
You puncture the orc knight!
The orc knight roars a battlecry!
The orc knight hits you from afar with a glaive.
You hear a shout!
Attack whom?
Aim: an orc knight, wielding a glaive and wearing a chain mail (almost dead)
You reach to attack!
You closely miss the orc knight.
Attack whom?
Aim: an orc knight, wielding a glaive and wearing a chain mail (almost dead)
You reach to attack!
You slash the orc knight!
You kill the orc knight!
Your Polearms skill increases to level 18!
You have reached level 10!
You feel agile.
An orc warrior comes into view. It is wielding a glaive.
The orc warrior moves out of view.
There is an open door, spattered with blood here.
Things that are here:
a glaive; a chain mail; an orc corpse
d - a glaive Wield which item (- for none, * to show all)? (? for menu, Esc to quit)
d - a +0 glaive (weapon)
Attack whom?
Aim: an orc warrior, wielding a glaive and wearing a chain mail (unusually strong)
You reach to attack!
You slash the orc warrior!
The orc warrior hits you from afar with a glaive!!
* * * LOW HITPOINT WARNING * * *
Attack whom?
Aim: an orc warrior, wielding a glaive and wearing a chain mail (heavily wounded, unusually strong)
You reach to attack!
You hit the orc warrior but do no damage.
Attack whom?
Aim: an orc warrior, wielding a glaive and wearing a chain mail (heavily wounded, unusually strong)
You reach to attack!
You hit the orc warrior.
The orc warrior hits you from afar with a glaive!!!
Ouch! That really hurt!
You die...

Action                   |  1- 3 |  4- 6 |  7- 9 | 10-12 || total
-------------------------+-------+-------+-------+-------++-------
Melee: Trident           |    79 |   350 |   405 |       ||   834
       Halberd           |       |       |   178 |       ||   178
       Glaive            |       |       |       |     3 ||     3
Throw: Throwing net      |       |       |     7 |       ||     7
       Javelin           |       |       |     4 |       ||     4
  Use: Scroll            |       |       |    12 |       ||    12
       Potion            |       |       |    13 |       ||    13
 Stab: Sleeping          |     3 |     4 |     6 |       ||    13
       Held in net/web   |       |       |     4 |       ||     4
       Distracted        |       |       |     1 |       ||     1
  Eat: Chunk             |       |     7 |    17 |       ||    24

Vault maps used:
D:1:      tarquinn_simple_flora_water_d, minmay_close_crescents
D:2:      uniq_iyjb, uniq_terence
D:3:      grunt_temple_overflow_order_and_chaos_1, gup_sewer_entry_bowl,
          minmay_lizard_king
D:4:      dk_rats_in_the_wall, uniq_menkaure
D:5:      first_bread, minmay_misc_feat_five
D:6:      lemuel_blue_sif_altar, minmay_temple_entry_poolview, basic_altar
D:7:      serial_shops, shop, enter_bailey_3, basic_altar, grunt_livestock,
          zaba_anthole, uniq_joseph
Temple:   circular_temple_pool_8
Sewer:    sewer_minmay_treatment
Bailey:   bailey_polearm_5, bailey

Notes
Turn   | Place    | Note
--------------------------------------------------------------
     0 | D:1      | Sixotanaka the Merfolk Gladiator began the quest for the Orb.
     0 | D:1      | Reached XP level 1. HP: 16/16 MP: 1/1
    38 | D:1      | Reached skill level 5 in Polearms
    42 | D:1      | Reached XP level 2. HP: 20/22 MP: 2/2
   398 | D:1      | Reached skill level 6 in Polearms
   398 | D:1      | Reached XP level 3. HP: 27/27 MP: 3/3
   848 | D:2      | Noticed Ijyb
   850 | D:2      | Noticed Terence
   865 | D:2      | Killed Ijyb
   865 | D:2      | Reached skill level 7 in Polearms
   865 | D:2      | Reached XP level 4. HP: 31/33 MP: 4/4
   885 | D:2      | Killed Terence
  1340 | D:2      | Reached skill level 8 in Polearms
  1387 | D:2      | Reached XP level 5. HP: 34/38 MP: 5/5
  1751 | D:3      | Found a glowing silver altar of Zin.
  1751 | D:3      | Found a shimmering altar of Xom.
  1752 | D:3      | Noticed an angel
  2075 | D:3      | Reached skill level 9 in Polearms
  2230 | D:3      | Found a glowing drain.
  2241 | Sewer    | Entered a sewer
  2300 | Sewer    | Reached XP level 6. HP: 44/44 MP: 6/6
  2459 | Sewer    | Reached skill level 10 in Polearms
  2880 | Sewer    | Reached skill level 11 in Polearms
  2880 | Sewer    | Reached XP level 7. HP: 44/50 MP: 7/7
  3617 | D:4      | Noticed Menkaure
  3626 | D:4      | Killed Menkaure
  3626 | D:4      | Reached skill level 12 in Polearms
  3627 | D:4      | Sixotanaka: revenge so sweet
  3675 | D:4      | zzxc: nice
  3675 | D:4      | Sixotanaka: two shot him
  3675 | D:4      | Sixotanaka: such a difference between melee and casters early
  3675 | D:4      | zzxc: well he has rC
  3675 | D:4      | zzxc: and you were IE
  3675 | D:4      | Sixotanaka: ya
  3675 | D:4      | Sixotanaka: i should fight a resist physical enemy
  3675 | D:4      | Sixotanaka: and see how i do
  3675 | D:4      | Sixotanaka: XD
  3675 | D:4      | zzxc: IE is the best caster start
  3675 | D:4      | zzxc: MfIE should be better than MfGl
  3675 | D:4      | zzxc: but against menkaure specifically
  3675 | D:4      | zzxc: gl would be better
  3675 | D:4      | zzxc: unless you have ice beasts already
  3675 | D:4      | Sixotanaka: lol
  3675 | D:4      | Sixotanaka: just trolling
  3675 | D:4      | zzxc: but melee iiiiiiis better than casters early
  3675 | D:4      | zzxc: until casters get their higher level spells
  3675 | D:4      | zzxc: xl 3 xl 4
  3675 | D:4      | Sixotanaka: mm
  3675 | D:4      | zzxc: xl 5
  3764 | D:4      | zzxc: like conjure flame
  3861 | D:4      | zzxc: so good
  3997 | D:4      | Reached XP level 8. HP: 50/56 MP: 8/8
  4221 | D:4      | zzxc: buckler
  4227 | D:4      | zzxc: ya see you should wear all your stuff once you get a curse
  4230 | D:4      | zzxc: so you can remove curse more efifciently
  4230 | D:4      | zzxc: p
  4230 | D:4      | zzxc: ;p
  4230 | D:4      | Sixotanaka: lol
  4263 | D:4      | Sixotanaka: i should just assume everything is cursed
  4263 | D:4      | zzxc: thats what i do
  4263 | D:4      | Sixotanaka: since it always is
  4263 | D:4      | Sixotanaka: i played a DgWn
  4263 | D:4      | Sixotanaka: before this
  4263 | D:4      | Sixotanaka: i put on a ring
  4263 | D:4      | Sixotanaka: -6 protection
  4263 | D:4      | zzxc: in my drfe on d3 I had a few rings, including 2 of the same
  4263 | D:4      | Sixotanaka: no rcurse
  4263 | D:4      | Sixotanaka: got another ring
  4263 | D:4      | Sixotanaka: -4 ev
  4263 | D:4      | zzxc: lol
  4266 | D:4      | zzxc: that's sooo rare
  4269 | D:4      | Reached skill level 13 in Polearms
  4429 | D:4      | zzxc: but
  4625 | D:4      | zzxc: i saw i had 2 of the same
  4647 | D:4      | zzxc: chances are it's not a bad ring
  4820 | D:4      | zzxc: since bad rings are rarer
  4931 | D:5      | Entered Level 5 of the Dungeon
  4932 | D:5      | zzxc: so i put it on
  4932 | D:5      | zzxc: it's cursed
  4934 | D:5      | zzxc: my heart sinks
  4940 | D:5      | zzxc: but it's cursed MR
  4940 | D:5      | Sixotanaka: unless you're me
  4940 | D:5      | zzxc: and then i put on the other one
  4940 | D:5      | zzxc: and i was laughin
  4940 | D:5      | Sixotanaka: then it's guaranteed to be bad
  5361 | D:5      | Reached skill level 14 in Polearms
  5642 | D:6      | Found a deep blue altar of Sif Muna.
  5695 | D:6      | Found a deep blue altar of Sif Muna.
  5822 | D:6      | Reached skill level 15 in Polearms
  6173 | D:6      | zzxc: use nets man
  6173 | D:6      | Reached XP level 9. HP: 30/61 MP: 9/9
  6181 | D:6      | Sixotanaka: didn't realize he had 40 ebv
  6181 | D:6      | Sixotanaka: ev
  6355 | D:6      | zzxc: use either way
  6409 | D:6      | zzxc: priests are dangerous
  6409 | D:6      | Sixotanaka: hit him twice
  6409 | D:6      | Sixotanaka: in a row
  6409 | D:6      | Sixotanaka: he's on 20%
  6409 | D:6      | zzxc: that priest is dangerous
  6409 | D:6      | Sixotanaka: miss him 6 times
  6489 | D:6      | zzxc: I know
  6538 | D:6      | zzxc: it's dumb
  6617 | D:6      | Found a staircase to the Ecumenical Temple.
  6698 | D:6      | zzxc: early game is so swingy
  6699 | Temple   | Entered the Ecumenical Temple
  6751 | Temple   | zzxc: QAZLAL
  6751 | Temple   | zzxc: dithmenos
  6751 | Temple   | zzxc: lots of 'cool' choices here
  6751 | Temple   | Sixotanaka: lol
  6751 | Temple   | zzxc: no ru
  6751 | Temple   | Sixotanaka: i wanted to go oka
  6751 | Temple   | zzxc: on streak i would pick ely
  6751 | Temple   | zzxc: and wait for trog
  6751 | Temple   | zzxc: one day
  6751 | Temple   | zzxc: you need to spelunky with me :D
  6751 | Temple   | zzxc: maybe locally
  6751 | Temple   | Sixotanaka: i'm setting up a git repo
  6751 | Temple   | Sixotanaka: is why i'm not playing atm
  6751 | Temple   | Sixotanaka: btw
  6867 | D:7      | Reached skill level 16 in Polearms
  6872 | D:7      | Found a flagged portal.
  6894 | Bailey   | Entered a bailey
  6948 | Bailey   | HP: 9/61 [orc/halberd (9)]
  6957 | Bailey   | HP: 11/61 [orc/trident (1)]
  7284 | Bailey   | HP: 14/61 [orc/halberd (12)]
  7515 | Bailey   | Noticed an orc knight
  7810 | Bailey   | HP: 13/61 [orc knight/halberd (10)]
  7818 | Bailey   | Killed an orc knight
  7818 | Bailey   | Reached skill level 17 in Polearms
  7825 | Bailey   | HP: 10/61 [orc warrior/halberd (15)]
  8207 | Bailey   | Noticed an orc knight
  8255 | Bailey   | Killed an orc knight
  8255 | Bailey   | Reached skill level 18 in Polearms
  8255 | Bailey   | Reached XP level 10. HP: 39/67 MP: 10/10
  8265 | Bailey   | Mangled by an orc warrior

Vanquished Creatures
  2 orc knights (Bailey)
  Menkaure (D:4)
  6 orc warriors (Bailey)
  A phantom (D:6)
  2 ogres
  4 giant frogs (D:6)
  2 big kobolds (Sewer)
  A scorpion (D:5)
  2 howler monkeys (D:4)
  3 crimson imps
  A centaur zombie (D:7)
  A hound (D:4)
  4 orc priests
  5 orc wizards
  Terence (D:2)
  3 worker ants
  2 iguanas
  Ijyb (D:2)
  3 gnolls (D:6)
  A howler monkey skeleton (D:5)
  9 adders
  15 river rats
  3 oozes
  4 worms
  2 dart slugs
  7 giant geckos
  49 orcs
  5 bats
  2 giant cockroaches (D:1)
  7 hobgoblins
  6 jackals
  25 kobolds
  2 quokkas
  9 ball pythons
  14 giant newts
  18 goblins
  A quokka skeleton (D:6)
  35 rats
259 creatures vanquished.
